TOP OF THE 1ST |
Baltimore (APP) Orioles batting - Pitching for Bluefield Blue Jays : RHP Gil Brady
|
Pitching: RHP Gil Brady
|
|
Batting: RHB Wes Reynolds
|
0-0: Swinging Strike 0-1: Swinging Strike 0-2: Ball 1-2: Strikes out swinging
|
Batting: RHB Fernando Bravo
|
0-0: DOUBLE (Flyball, 8RD, EV 99.4 MPH)
|
Batting: LHB Sam Williams
|
0-0: Swinging Strike 0-1: Ball 1-1: Ball 2-1: Ball 3-1: Swinging Strike 3-2: Strikes out swinging
|
Batting: RHB Luke Vaccarino
|
0-0: Ball 1-0: Ball 2-0: Swinging Strike 2-1: Swinging Strike 2-2: Strikes out looking
|
Top of the 1st over - 0 runs, 1 hit, 0 errors, 1 left on base; Baltimore (APP) 0 - Bluefield 0 |
BOTTOM OF THE 1ST |
Bluefield Blue Jays batting - Pitching for Baltimore (APP) Orioles : RHP Chris McCurdy
|
Pitching: RHP Chris McCurdy
|
|
Batting: RHB Stephen Casteel
|
0-0: Foul Ball, location: 2F 0-1: Ground out 6-3 (Groundball, 56, EV 108.8 MPH)
|
Batting: LHB Kurt Estep
|
0-0: Ball 1-0: Fly out, F8 (Flyball, 89D, EV 97.5 MPH)
|
Batting: RHB Bill Murray
|
0-0: Ball 1-0: Ball 2-0: Ball 3-0: Called Strike 3-1: Base on Balls
|
Batting: LHB Eric Toney
|
0-0: Ball 1-0: Called Strike 1-1: Ball Bill Murray is caught stealing 2nd base 2-6
|
Bottom of the 1st over - 0 runs, 0 hits, 0 errors, 0 left on base; Baltimore (APP) 0 - Bluefield 0 |
TOP OF THE 2ND |
Baltimore (APP) Orioles batting - Pitching for Bluefield Blue Jays : RHP Gil Brady
|
Batting: RHB Chris McGuirk
|
0-0: Ball 1-0: Ball 2-0: SINGLE (Groundball, 34D, EV 105.0 MPH)
|
Batting: LHB Ralph Braine
|
0-0: Ball 1-0: Foul Ball, location: 2F 1-1: Foul Ball, location: 2F 1-2: Strikes out swinging
|
Batting: LHB Vinny Rivera
|
0-0: Called Strike 0-1: Swinging Strike 0-2: Ball 1-2: Fly out, F8 (Flyball, 78M, EV 84.4 MPH)
|
Batting: RHB Jason Burke
|
0-0: Ball 1-0: Called Strike 1-1: Foul Ball, location: 2F 1-2: Foul Ball, location: 2F 1-2: Fielders Choice at 2nd, 6-4 (Groundball, 6, EV 93.8 MPH)
|
Top of the 2nd over - 0 runs, 1 hit, 0 errors, 1 left on base; Baltimore (APP) 0 - Bluefield 0 |
BOTTOM OF THE 2ND |
Bluefield Blue Jays batting - Pitching for Baltimore (APP) Orioles : RHP Chris McCurdy
|
Batting: LHB Eric Toney
|
0-0: Called Strike 0-1: Foul Ball, location: 2F 0-2: Strikes out looking
|
Batting: SHB Dominik Hasek II
|
0-0: Ground out 5-3 (Groundball, 56, EV 105.0 MPH)
|
Batting: RHB Mike Johnson
|
0-0: Ball 1-0: Foul Ball, location: 2F 1-1: Foul Ball, location: 2F 1-2: Ball 2-2: Foul Ball, location: 2F 2-2: Ground out 5-3 (Groundball, 56, EV 90.6 MPH)
|
Bottom of the 2nd over - 0 runs, 0 hits, 0 errors, 0 left on base; Baltimore (APP) 0 - Bluefield 0 |
TOP OF THE 3RD |
Baltimore (APP) Orioles batting - Pitching for Bluefield Blue Jays : RHP Gil Brady
|
Batting: RHB John Barton
|
0-0: Swinging Strike 0-1: Ball 1-1: Swinging Strike 1-2: Strikes out looking
|
Batting: RHB Wes Reynolds
|
0-0: Ground out 5-3 (Groundball, 5, EV 103.1 MPH)
|
Batting: RHB Fernando Bravo
|
0-0: Ball 1-0: Ball 2-0: Called Strike 2-1: Fly out, F8 (Flyball, 8RD, EV 84.4 MPH)
|
Top of the 3rd over - 0 runs, 0 hits, 0 errors, 0 left on base; Baltimore (APP) 0 - Bluefield 0 |
BOTTOM OF THE 3RD |
Bluefield Blue Jays batting - Pitching for Baltimore (APP) Orioles : RHP Chris McCurdy
|
Batting: RHB Carlos Bravo
|
0-0: Reached via error on a dropped throw from 2B, E3 (Groundball, 4, EV 83.1 MPH)
|
Batting: RHB Shunsuke Shiba Inu
|
0-0: Called Strike 0-1: Fly out, F6 (Line Drive, 6, EV 72.5 MPH)
|
Batting: RHB David Cooper
|
0-0: Ball 1-0: Ball 2-0: Ball 3-0: Called Strike 3-1: Foul Ball, location: 2F 3-2: Strikes out swinging Carlos Bravo is caught stealing 2nd base 2-4 Batter strikes out.
|
Bottom of the 3rd over - 0 runs, 0 hits, 1 error, 0 left on base; Baltimore (APP) 0 - Bluefield 0 |
TOP OF THE 4TH |
Baltimore (APP) Orioles batting - Pitching for Bluefield Blue Jays : RHP Gil Brady
|
Batting: LHB Sam Williams
|
0-0: Called Strike 0-1: Ball 1-1: Foul Ball, location: 2F 1-2: Ball 2-2: Foul Ball, location: 2F 2-2: Ball 3-2: Base on Balls
|
Batting: RHB Luke Vaccarino
|
0-0: Ball 1-0: SINGLE (Groundball, 4MD, EV 98.1 MPH) Sam Williams to second
|
Batting: RHB Chris McGuirk
|
0-0: Called Strike 0-1: Foul Ball, location: 2F 0-2: Ball 1-2: Foul Ball, location: 2F 1-2: DOUBLE (Flyball, 8RXD, EV 99.4 MPH) Sam Williams scores Luke Vaccarino to third
|
Batting: LHB Ralph Braine
|
0-0: Called Strike 0-1: Ground out U3 (Groundball, 3L, EV 106.9 MPH)
|
Batting: LHB Vinny Rivera
|
0-0: Called Strike 0-1: Foul Ball, location: 2F 0-2: Strikes out looking
|
Batting: RHB Jason Burke
|
0-0: Ball 1-0: Swinging Strike 1-1: Ball 2-1: Ground out 5-3 (Groundball, 5, EV 86.2 MPH)
|
Top of the 4th over - 1 run, 2 hits, 0 errors, 2 left on base; Baltimore (APP) 1 - Bluefield 0 |
BOTTOM OF THE 4TH |
Bluefield Blue Jays batting - Pitching for Baltimore (APP) Orioles : RHP Chris McCurdy
|
Batting: RHB Stephen Casteel
|
0-0: Ball 1-0: Ball 2-0: Ground out 5-3 (Groundball, 5S, EV 83.8 MPH)
|
Batting: LHB Kurt Estep
|
0-0: Called Strike 0-1: Ball 1-1: Ball 2-1: Ground out 6-3 (Groundball, 6, EV 83.8 MPH)
|
Batting: RHB Bill Murray
|
0-0: Called Strike 0-1: Foul Ball, location: 2F 0-2: Foul Ball, location: 2F 0-2: Ball 1-2: Foul Ball, location: 2F 1-2: Foul Ball, location: 2F 1-2: DOUBLE (Flyball, 8LXD, EV 101.9 MPH)
|
Batting: LHB Eric Toney
|
0-0: Called Strike 0-1: Ball 1-1: Ball 2-1: Swinging Strike 2-2: Fly out, F9 (Line Drive, 9, EV 98.1 MPH)
|
Bottom of the 4th over - 0 runs, 1 hit, 0 errors, 1 left on base; Baltimore (APP) 1 - Bluefield 0 |
TOP OF THE 5TH |
Baltimore (APP) Orioles batting - Pitching for Bluefield Blue Jays : RHP Gil Brady
|
Batting: RHB John Barton
|
0-0: Foul Ball, location: 2F 0-1: Fly out, F8 (Flyball, 89M, EV 83.1 MPH)
|
Batting: RHB Wes Reynolds
|
0-0: Ball 1-0: Called Strike 1-1: Foul Ball, location: 2F 1-2: Ball 2-2: Foul Ball, location: 2F 2-2: Ball 3-2: SINGLE (Line Drive, 7S, EV 98.1 MPH)
|
Batting: RHB Fernando Bravo
|
0-0: Ball 1-0: Called Strike 1-1: Called Strike 1-2: Ball 2-2: Ball 3-2: Strikes out swinging Wes Reynolds is caught stealing 2nd base 2-4 Batter strikes out.
|
Top of the 5th over - 0 runs, 1 hit, 0 errors, 0 left on base; Baltimore (APP) 1 - Bluefield 0 |
BOTTOM OF THE 5TH |
Bluefield Blue Jays batting - Pitching for Baltimore (APP) Orioles : RHP Chris McCurdy
|
Batting: SHB Dominik Hasek II
|
0-0: Ball 1-0: Ball 2-0: Called Strike 2-1: Fly out, F7 (Flyball, 78M, EV 90.6 MPH)
|
Batting: RHB Mike Johnson
|
0-0: Ball 1-0: DOUBLE (Line Drive, 9LS, EV 105.0 MPH)
|
Batting: RHB Carlos Bravo
|
0-0: Foul Ball, location: 2F 0-1: Ball 1-1: Called Strike 1-2: Foul Ball, location: 2F 1-2: Ball 2-2: Foul Ball, location: 2F 2-2: DOUBLE (Line Drive, 78D, EV 112.5 MPH) Mike Johnson scores
|
Pinch Runner at 2nd John Hering:
|
|
Batting: RHB Shunsuke Shiba Inu
|
0-0: Called Strike 0-1: Ball 1-1: Ground out 5-3 (Groundball, 56, EV 85.6 MPH)
|
Batting: RHB David Cooper
|
0-0: Ground out U3 (Groundball, 34, EV 103.1 MPH)
|
Bottom of the 5th over - 1 run, 2 hits, 0 errors, 1 left on base; Baltimore (APP) 1 - Bluefield 1 |
TOP OF THE 6TH |
Baltimore (APP) Orioles batting - Pitching for Bluefield Blue Jays : RHP Gil Brady
|
Now at 1B: John Hering
|
|
Now in RF: Dominik Hasek II
|
|
Batting: LHB Sam Williams
|
0-0: Ball 1-0: Foul Ball, location: 2F 1-1: Swinging Strike 1-2: Ball 2-2: Ground out 6-3 (Groundball, 6, EV 108.8 MPH)
|
DELAY
|
Rain delay of 52 minutes in the 6th inning.
|
Batting: RHB Luke Vaccarino
|
0-0: Called Strike 0-1: Ball 1-1: Ball 2-1: SINGLE (Line Drive, 34D, EV 98.1 MPH)
|
Batting: RHB Chris McGuirk
|
0-0: Ball 1-0: Swinging Strike 1-1: Foul Ball, location: 2F 1-2: Ball 2-2: SINGLE (Groundball, 56D, EV 96.9 MPH) Luke Vaccarino to second
|
Pitching: RHP Aaron Meiggs
|
|
Batting: LHB Ralph Braine
|
0-0: Ball 1-0: Foul Ball, location: 2F 1-1: Ball 2-1: Foul Ball, location: 2F 2-2: Strikes out swinging
|
Batting: LHB Vinny Rivera
|
0-0: Called Strike 0-1: Ball 1-1: Foul Ball, location: 2F 1-2: Strikes out swinging
|
Top of the 6th over - 0 runs, 2 hits, 0 errors, 2 left on base; Baltimore (APP) 1 - Bluefield 1 |
BOTTOM OF THE 6TH |
Bluefield Blue Jays batting - Pitching for Baltimore (APP) Orioles : RHP Chris McCurdy
|
Batting: RHB Stephen Casteel
|
0-0: Ball 1-0: Ground out 6-3 (Groundball, 6, EV 101.9 MPH)
|
Batting: LHB Kurt Estep
|
0-0: Called Strike 0-1: Ball 1-1: Foul Ball, location: 2F 1-2: Ball 2-2: Strikes out swinging
|
Batting: RHB Bill Murray
|
0-0: Ball 1-0: Called Strike 1-1: Foul Ball, location: 2F 1-2: Ball 2-2: Foul Ball, location: 2F 2-2: Ground out 6-3 (Groundball, 6, EV 85.6 MPH)
|
Bottom of the 6th over - 0 runs, 0 hits, 0 errors, 0 left on base; Baltimore (APP) 1 - Bluefield 1 |
TOP OF THE 7TH |
Baltimore (APP) Orioles batting - Pitching for Bluefield Blue Jays : RHP Aaron Meiggs
|
Batting: RHB Jason Burke
|
0-0: Ball 1-0: Ball 2-0: Ball 3-0: Called Strike 3-1: Foul Ball, location: 2F 3-2: Base on Balls
|
Batting: RHB John Barton
|
0-0: Ball 1-0: Sac Bunt to 25 - play at first, batter OUT! 5-3 Jason Burke to second
|
Batting: RHB Wes Reynolds
|
0-0: Ball 1-0: Called Strike Jason Burke steals 3rd base 1-1: Ball 2-1: Foul Ball, location: 2F 2-2: Foul Ball, location: 2F 2-2: Foul Ball, location: 2F 2-2: Ball 3-2: Strikes out looking
|
Batting: RHB Fernando Bravo
|
0-0: Ball 1-0: Ball 2-0: Ball 3-0: Called Strike 3-1: Foul Ball, location: 2F 3-2: Base on Balls
|
Pitching: LHP Mike Oakes
|
|
Pinch Hitting: RHB Matthew Neal
|
0-0: Called Strike 0-1: Fly out, F3 (Popup, 3S, EV 79.4 MPH)
|
Top of the 7th over - 0 runs, 0 hits, 0 errors, 2 left on base; Baltimore (APP) 1 - Bluefield 1 |
BOTTOM OF THE 7TH |
Bluefield Blue Jays batting - Pitching for Baltimore (APP) Orioles : RHP Chris McCurdy
|
Now at 1B: Tony Fernandez
|
|
Batting: LHB Eric Toney
|
0-0: Ball 1-0: SINGLE (Groundball, 4MD, EV 103.8 MPH)
|
Pitching: RHP Adam Browne
|
|
Batting: SHB Dominik Hasek II
|
0-0: Ball 1-0: Called Strike 1-1: Swinging Strike 1-2: Ball 2-2: Ball 3-2: Strikes out swinging
|
Pinch Hitting: LHB Lothar Middelkoop
|
0-0: Called Strike 0-1: Ball 1-1: Foul Ball, location: 2F 1-2: Foul Ball, location: 2F 1-2: 2-RUN HOME RUN (Flyball, 7D, EV 103.1 MPH), Distance : 389 ft
|
Batting: RHB John Hering
|
0-0: Foul Ball, location: 2F 0-1: Ball 1-1: Ball 2-1: Foul Ball, location: 2F 2-2: Ball 3-2: Fly out, F9 (Flyball, 9D, EV 90.6 MPH)
|
Batting: RHB Shunsuke Shiba Inu
|
0-0: SINGLE (Groundball, 4MD, EV 101.9 MPH) (infield hit)
|
Batting: RHB David Cooper
|
0-0: Called Strike Shunsuke Shiba Inu steals 2nd base 0-1: SINGLE (Groundball, 3D, EV 101.2 MPH) Shunsuke Shiba Inu to third Runner from 3rd tries for Home, throw by RF and OUT! 9-2
|
Bottom of the 7th over - 2 runs, 4 hits, 0 errors, 1 left on base; Baltimore (APP) 1 - Bluefield 3 |
TOP OF THE 8TH |
Baltimore (APP) Orioles batting - Pitching for Bluefield Blue Jays : LHP Mike Oakes
|
Pitching: RHP Chris Kroesen
|
|
Now at 1B: Braydon Pinsent
|
|
Now at 3B: Lothar Middelkoop
|
|
Batting: RHB Luke Vaccarino
|
0-0: DOUBLE (Flyball, 89D, EV 110.0 MPH)
|
Batting: RHB Chris McGuirk
|
0-0: Ball 1-0: Ground out 6-3 (Groundball, 6S, EV 71.9 MPH) Luke Vaccarino to third
|
Batting: LHB Ralph Braine
|
0-0: Ball 1-0: Ball 2-0: Foul Ball, location: 2F 2-1: Swinging Strike 2-2: Strikes out looking
|
Batting: LHB Vinny Rivera
|
0-0: SINGLE (Groundball, 15S, EV 73.1 MPH) (infield hit) Luke Vaccarino scores
|
Pinch Hitting: LHB Keith Long
|
0-0: Ball 1-0: Called Strike 1-1: Ball 2-1: Swinging Strike 2-2: Ball 3-2: 2-RUN HOME RUN (Flyball, 78XD, EV 106.9 MPH), Distance : 417 ft
|
Pitching: RHP Gu Won
|
|
Batting: RHB John Barton
|
0-0: Ball 1-0: Ball 2-0: Swinging Strike 2-1: Ball 3-1: Foul Ball, location: 2F 3-2: Foul Ball, location: 2F 3-2: Base on Balls
|
Batting: RHB Wes Reynolds
|
0-0: Called Strike 0-1: Ball 1-1: Fielders Choice at 2nd, 6-4 (Groundball, 6, EV 103.8 MPH)
|
Top of the 8th over - 3 runs, 3 hits, 0 errors, 1 left on base; Baltimore (APP) 4 - Bluefield 3 |
BOTTOM OF THE 8TH |
Bluefield Blue Jays batting - Pitching for Baltimore (APP) Orioles : RHP Adam Browne
|
Now at 2B: Chris Wright
|
|
Batting: RHB Stephen Casteel
|
0-0: Called Strike 0-1: Called Strike 0-2: Ball 1-2: Strikes out swinging
|
Batting: LHB Kurt Estep
|
0-0: Swinging Strike 0-1: Ground out 4-3 (Groundball, 4M, EV 86.9 MPH)
|
Batting: RHB Bill Murray
|
0-0: Ball 1-0: Called Strike 1-1: Called Strike 1-2: Fly out, F9 (Line Drive, 9LD, EV 105.0 MPH)
|
Bottom of the 8th over - 0 runs, 0 hits, 0 errors, 0 left on base; Baltimore (APP) 4 - Bluefield 3 |
TOP OF THE 9TH |
Baltimore (APP) Orioles batting - Pitching for Bluefield Blue Jays : RHP Gu Won
|
Batting: RHB Fernando Bravo
|
0-0: Ball 1-0: Foul Ball, location: 2F 1-1: Foul Ball, location: 2F 1-2: DOUBLE (Groundball, 5L, EV 100.6 MPH)
|
Batting: RHB Tony Fernandez
|
0-0: Ball 1-0: Ball 2-0: Foul Ball, location: 2F 2-1: Called Strike 2-2: Strikes out swinging
|
Batting: RHB Luke Vaccarino
|
0-0: Fly out, F7 (Flyball, 78M, EV 76.2 MPH)
|
Batting: RHB Chris McGuirk
|
0-0: Ball 1-0: Ball 2-0: Called Strike 2-1: Ball 3-1: Called Strike 3-2: Foul Ball, location: 2F 3-2: Base on Balls
|
Batting: LHB Ralph Braine
|
0-0: Ball Passed Ball! Fernando Bravo to third Chris McGuirk to second 1-0: Called Strike 1-1: Foul Ball, location: 2F 1-2: SINGLE (Groundball, 4M, EV 91.2 MPH) (infield hit) Fernando Bravo scores Chris McGuirk to third
|
Batting: LHB Vinny Rivera
|
0-0: Called Strike 0-1: Swinging Strike 0-2: Ball Wild Pitch! Chris McGuirk scores Ralph Braine to second 1-2: Foul Ball, location: 2F 1-2: Strikes out swinging
|
Top of the 9th over - 2 runs, 2 hits, 0 errors, 1 left on base; Baltimore (APP) 6 - Bluefield 3 |
BOTTOM OF THE 9TH |
Bluefield Blue Jays batting - Pitching for Baltimore (APP) Orioles : RHP Adam Browne
|
Pitching: RHP Harley Hyde
|
|
Batting: LHB Eric Toney
|
0-0: Fly out, F8 (Flyball, 78D, EV 93.1 MPH)
|
Batting: SHB Dominik Hasek II
|
0-0: Ball 1-0: Ground out U3 (Groundball, 3S, EV 94.4 MPH)
|
Batting: LHB Lothar Middelkoop
|
0-0: Ground out 6-3 (Groundball, 6, EV 102.5 MPH)
|
Bottom of the 9th over - 0 runs, 0 hits, 0 errors, 0 left on base; Baltimore (APP) 6 - Bluefield 3 |
|